 Dungeon Crawl Stone Soup version 0.30.0-29-ga12c61a403 (webtiles) character file.

Game seed: 5955565014414764148

63 ChrisAssaf the Sneak (level 4, -4/18 (22) HPs)
             Began as a Vine Stalker Enchanter on June 14, 2023.
             Killed from afar by Sigmund (9 damage)
             ... with a magic dart
             ... on level 3 of the Dungeon.
             The game lasted 00:04:59 (1062 turns).

ChrisAssaf the Sneak (Vine Stalker Enchanter)       Turns: 1062, Time: 00:04:59

HP:   -4/18 (22)    AC:  2    Str: 10    XL:     4   Next: 9%
MP:   0/8           EV: 12    Int: 17    God:
Gold: 39            SH:  0    Dex: 15    Spells: 2/8 levels left

rFire   . . .        a - +1 dagger
rCold   . . .        (no shield)
rNeg    . . .        b - +0 robe
rPois   .            (no helmet)
rElec   .            (no cloak)
rCorr   .            (no gloves)
SInv    .            (no boots)
Will    .....        (no amulet)
Stlth   +++          (no ring)
HPRegen 1.03/turn    (no ring)
MPRegen 0.11/turn

%: guardian spirit
@: heavily drained
A: fangs 2, regeneration 1, magic shield, antimagic bite, no potion heal 2
a: no special abilities


You were on level 3 of the Dungeon.
You visited 1 branch of the dungeon, and saw 3 of its levels.

You collected 39 gold pieces.

Inventory:

Hand Weapons
 a - a +1 dagger (weapon)
Missiles
 f - 4 boomerangs (quivered)
Armour
 b - a +0 robe (worn)
Scrolls
 d - 3 scrolls of identify
 g - a scroll of noise
Potions
 e - a potion of curing {unknown}


   Skills:
 * Level 1.1 Fighting
 * Level 1.1 Short Blades
 * Level 0.4 Throwing
 * Level 0.4 Armour
 * Level 2.0 Dodging
 * Level 4.2 Stealth
 * Level 2.6 Spellcasting
 * Level 3.2 Hexes
 * Level 0.4 Ice Magic


You had 2 spell levels left.
You knew the following spells:

 Your Spells              Type           Power      Damage    Failure   Level
a - Ensorcelled Hibernat  Hex/Ice        16%        N/A       13%         2
b - Tukima's Dance        Hex            13%        N/A       14%         3
c - Kiss of Death         Conj/Necr      8%         2d6       19%         1

Your spell library contained the following spells:

 Spells                   Type           Power      Damage    Failure   Level
 Confusing Touch          Hex            13%        N/A       14%         3
 Dazzling Flash           Conj/Hex       14%        N/A       28%         3
 Dispel Undead            Necr           2%         3d7       88%         4


Dungeon Overview and Level Annotations

Branches:
Dungeon (3/15)

Altars:

Annotations:
D:3 Grinder, Sigmund


Innate Abilities, Weirdness & Mutations

You have extremely sharp teeth.
Your natural rate of healing is unusually fast.
When hurt, damage is shared between your health and your magic reserves.
Your bite disrupts and absorbs the magic of your enemies.
Potions cannot restore your health.


Message History

There is an open door here.
The kobold attacks as you move away! The kobold closely misses you.
The kobold throws a stone.
The stone hits you but does no damage.
The kobold throws a stone.
The stone hits you but does no damage.
Something tries to affect you, but you resist.
You miss the kobold. You bite the kobold. You drain its power.
You feel invigorated.
The kobold is severely wounded.
The kobold barely misses you.
You closely miss the kobold. Your bite misses the kobold.
The kobold is severely wounded.
You barely miss the kobold.
The kobold is severely wounded.
The kobold hits you with a +0 short sword.
Something hits you.
You hit the kobold but do no damage. Your bite misses the kobold.
The kobold is severely wounded.
The kobold closely misses you.
You closely miss the kobold. Your bite misses the kobold.
The kobold is severely wounded.
The kobold hits you with a +0 short sword.
Something completely misses you.
Casting: Tukima's Dance (extremely dangerous; 14% risk of failure)
Confirm with . or Enter, or press ? or * to list all spells.
Aiming: Ensorcelled Hibernation (safe; 14% risk of failure)
Press: ? - help, Shift-Dir - straight line, f - kobold
Aim: a kobold, wielding a +0 short sword and quivering stones (severely wounded, chance to affect: 59%)
The kobold resists with significant effort.
The kobold closely misses you. Something hits you.
Unknown command.
You hit the kobold.
You kill the kobold!
A puff of flame appears from out of thin air!
The puff of flame hits you!
Ouch! That really hurt!
* * * LOW HITPOINT WARNING * * *
A magic dart appears from out of thin air!
The magic dart hits you!
Ouch! That really hurt!
You die...

#........# #.######.#
###### #.# #.###.....
##.######.##..####
#.)<..............
#..######......###
#..######.#...####
#.........##......
##@##########.#####
#....# #.# #.#..# ##'##
#....# ##...## ###{##
##.....## ##.##
##.......##
###...####.........#
###.......)'.........'
##...#...####.........#


There were no monsters in sight!

Vanquished Creatures
  An orc wizard (D:2)
  3 worms
  A dart slug (D:2)
  2 orcs (D:2)
  2 ball pythons
  2 endoplasms
  A hobgoblin (D:2)
  2 quokkas
  3 frilled lizards
  3 goblins
  2 kobolds
  4 rats
26 creatures vanquished.

Notes
Turn   | Place    | Note
-------+----------+-------------------------------------------
     0 | D:1      | ChrisAssaf the Vine Stalker Enchanter began the quest for
                  | the Orb.
     0 | D:1      | Reached XP level 1. HP: 9/9 MP: 4/4
    95 | D:1      | Reached XP level 2. HP: 12/13 MP: 4/6
    98 | D:1      | Learned a level 2 spell: Ensorcelled Hibernation
   447 | D:2      | Reached skill level 1 in Fighting
   447 | D:2      | Reached skill level 1 in Short Blades
   447 | D:2      | Reached skill level 4 in Stealth
   447 | D:2      | Reached XP level 3. HP: 8/18 MP: 3/7
   461 | D:2      | Learned a level 3 spell: Tukima's Dance
   533 | D:2      | Learned a level 1 spell: Kiss of Death
   553 | D:3      | Noticed Grinder
   886 | D:3      | Found a faded altar of an unknown god.
   893 | D:3      | Gained mutation: Your natural rate of healing is unusually
                  | fast. [Vine Stalker growth]
   893 | D:3      | Reached XP level 4. HP: 14/18 MP: 2/8
   995 | D:3      | Noticed Sigmund
  1062 | D:3      | Killed from afar by Sigmund

Illustrated notes

Levels and vault maps discovered:
D:1:      tarquinn_simple_flora_water_b, layout_basic, serial_shops,
          nicolae_shop_just_a_little_nook, roderic_roman_lattice
D:2:      layout_basic
D:3:      layout_loops_corners, shapermc_ecumenical_altar_notcrosses, uniq_ijyb,
          uniq_sigmund, uniq_grinder

Skill      XL: |  1  2  3 |
---------------+----------+-----
Fighting       | 1 |  1.1
Short Blades   | 1 |  1.1
Stealth        | 4 |  4.2
Dodging        | 2 |  2.0
Throwing       | |  0.4
Armour         | |  0.4
Spellcasting   | |  2.6
Hexes          | |  3.2
Ice Magic      | |  0.4

Action                     |  1- 3 |  4- 6 || total
---------------------------+-------+-------++-------
  Melee: Dagger            |    48 |    11 ||    59
         Bite              |    10 |     2 ||    12
         Punch             |     1 |       ||     1
  Throw: Boomerang         |    17 |       ||    17
   Cast: Ensorcelled Hiber |     9 |     1 ||    10
         Tukima's Dance    |     3 |     1 ||     4
         Kiss of Death     |     1 |       ||     1
    Use: Potion            |     1 |     1 ||     2
         Scroll            |     1 |       ||     1
   Stab: Sleeping          |     8 |       ||     8
         Invisible         |     3 |       ||     3
 Armour: Robe              |     3 |     4 ||     7
  Dodge: Dodged            |    27 |     9 ||    36
